 Dungeon Crawl Stone Soup version 0.31.0-11-ge490571c62 (webtiles) character file.

Game seed: 16671700730763522977

21 PaiMei the Grave Robber (level 2, 0/20 HPs)
             Began as a Demonspawn Necromancer on Feb 7, 2024.
             Slain by a goblin
             ... wielding a +0 club
             ... led by Robin
              (2 damage)
             ... on level 2 of the Dungeon.
             The game lasted 00:01:42 (508 turns).

PaiMei the Grave Robber (Demonspawn Necromancer)     Turns: 508, Time: 00:01:42

Health: 0/20       AC:  2    Str:  8    XL:     2   Next: 65%
Magic:  1/5        EV: 12    Int: 15    God:
Gold:   0          SH:  0    Dex: 13    Spells: 4/5 levels left

rFire   . . .        e - +0 short sword
rCold   . . .        (no shield)
rNeg    . . .        a - +0 robe
rPois   .            (no helmet)
rElec   .            (no cloak)
rCorr   .            (no gloves)
SInv    .            (no boots)
Will    .....        (no amulet)
Stlth   ++           (no ring)
HPRegen 0.23/turn    (no ring)
MPRegen 0.09/turn

%: no passive effects
@: no status effects
A: weakness stinger 1
a: no special abilities


You were on level 2 of the Dungeon.
You visited 1 branch of the dungeon, and saw 2 of its levels.

Inventory:

Hand Weapons
 e - a +0 short sword (weapon)
Missiles
 c - 11 poisoned darts (quivered)
Armour
 a - a +0 robe (worn)
Scrolls
 f - 2 scrolls of identify {unknown}
Potions
 b - a potion of magic
 d - a potion of brilliance {unknown}
 g - a potion of curing {unknown}
 h - a potion of lignification {unknown}


   Skills:
 + Level 0.4 Fighting
 + Level 2.1 Dodging
 - Level 2.0 Stealth
 + Level 2.3 Spellcasting
 + Level 4.6 Necromancy


You had 4 spell levels left.
You knew the following spells:

 Your Spells              Type           Power      Damage    Failure   Level
a - Necrotise             Necr           60%        1d7       3%          1

Your spell library contained the following spells:

 Spells                   Type           Power      Damage    Failure   Level
 Vampiric Draining        Necr           15%        2d7       10%         3
 Animate Dead             Necr           15%        N/A       32%         4
 Curse of Agony           Necr           15%        N/A       65%         5


Dungeon Overview and Level Annotations

Branches:
Dungeon (2/15)

Altars:

Annotations:
D:2 Robin


Innate Abilities, Weirdness & Mutations

You have a small tail.


Message History

Confirm with . or Enter, or press ? or * to list all spells.
You don't have enough magic to cast this spell.
You hit the bat but do no damage.
Your tail-slap misses the bat.
The bat is moderately wounded.
The bat hits you.
* * * LOW HITPOINT WARNING * * *
Casting: Necrotise (safe; 3% risk of failure)
Confirm with . or Enter, or press ? or * to list all spells.
You don't have enough magic to cast this spell.
Casting: Necrotise (safe; 3% risk of failure)
Confirm with . or Enter, or press ? or * to list all spells.
You don't have enough magic to cast this spell.
Casting: Necrotise (safe; 3% risk of failure)
Confirm with . or Enter, or press ? or * to list all spells.
You don't have enough magic to cast this spell.
The bat attacks as it pursues you! The bat barely misses you.
The bat hits you but does no damage.
You open the door.
A goblin and 3 hobgoblins come into view.
The bat hits you.
* * * LOW HITPOINT WARNING * * *
A hobgoblin comes into view.
The goblin shouts!
The hobgoblin shouts!
Robin throws the goblin at you!
* * * LOW HITPOINT WARNING * * *
The bat barely misses you. The goblin barely misses you.
There is an open door here.
The hobgoblin shouts! x2
You hit the goblin.
The goblin is heavily wounded.
The bat misses you. The goblin closely misses you.
You hit the goblin but do no damage.
The goblin is heavily wounded.
The goblin barely misses you. The goblin closely misses you.
You barely miss the goblin.
The goblin is heavily wounded.
The goblin hits you with a +0 dagger.
* * * LOW HITPOINT WARNING * * *
The goblin hits you with a +0 club.
You die...

..........#.......# ##.......
#.#......'.......+ ######..
#......#.......# #..
######...........###########..
.............†....'.........'..
.....#...##.#..g..######...##..
.........##.+gg...####.'..<##..
......[..####ggggg...#.#...##..
.........# ##@###.#...########
.....#...# #g###.##### #
.########


#bg.ggg.# # ######### # +. #. .. #.. ... You could see Robin, 4 hobgoblins, 5
goblins and a bat.

Vanquished Creatures
  2 adders (D:2)
  A giant cockroach (D:2)
  A frilled lizard (D:2)
4 creatures vanquished.

Notes
Turn   | Place    | Note
-------+----------+-------------------------------------------
     0 | D:1      | PaiMei the Demonspawn Necromancer began the quest for the
                  | Orb.
     0 | D:1      | Reached XP level 1. HP: 13/13 MP: 3/3
   321 | D:2      | Discovered your monstrous ancestry.
   321 | D:2      | Gained mutation: You have a small tail. [demonic ancestry]
   321 | D:2      | Reached XP level 2. HP: 19/19 MP: 0/5
   477 | D:2      | Noticed Robin
   508 | D:2      | Slain by a goblin

Illustrated notes

Levels and vault maps discovered:
D:1:      dpeg_arrival_water_fire, layout_basic, dk_noncrumbling_3
D:2:      minmay_razor_zed, layout_basic,
          shapermc_ecumenical_altar_mp_urbaneastern, uniq_robin

Skill      XL: |  1 |
---------------+----+-----
Dodging        | 2 |  2.1
Stealth        | 2 |  2.0
Fighting       | |  0.4
Spellcasting   | |  2.3
Necromancy     | |  4.6

Action                     || total
---------------------------++-------
  Melee: Short sword       ||     8
   Cast: Necrotise         ||    14
 Armour: Robe              ||    24
  Dodge: Dodged            ||    26
